 Dungeon Sprint DCSS version 0.18.1-50-g88ac8fd (webtiles) character file.

1223 Kagutsuchi the Fighter (level 8, -1/83 HPs)
             Began as a Pale Draconian Berserker on Oct 21, 2016.
             Was an Elder of Trog.
             Slain by a polar bear (2 damage)
             ... in the Dungeon (Sprint II: "The Violet Keep of Menkaure").
             The game lasted 00:04:04 (346 turns).

Kagutsuchi the Fighter (Pale Draconian Berserker)    Turns: 346, Time: 00:04:05

Health: -1/83      AC:  6    Str: 19    XL:     8   Next: 23%
Magic:  8/8        EV: 17    Int:  8    God:    Trog [****..]
Gold:   419        SH:  0    Dex: 13    Spells: 1 memorised, 6 levels left

rFire  . . .     SeeInvis .     a - +0 falchion
rCold  . . .     Gourm    .     (armour unavailable)
rNeg   . . .     Faith    .     (no shield)
rPois  .         Spirit   .     (helmet restricted)
rElec  .         Dismiss  .     (no cloak)
rCorr  .         Reflect  .     (no gloves)
SustAt .         Harm     .     (no boots)
MR     .....     NoTele   +     (no amulet)
Stlth  ++........               (no ring)
                                (no ring)

@: exhausted, slowed, very slow, not resistant to hostile enchantments,
unstealthy
A: breathe steam, unfitting armour, cold-blooded, AC +6
a: Breathe Steam, Berserk, Trog's Hand, Brothers in Arms, Burn Spellbooks,
Renounce Religion


You were in the Dungeon.
You worshipped Trog.
Trog was greatly pleased with you.
You were not hungry.

You visited 1 branch You collected 729 gold pieces.
You spent 310 gold pieces at shops.

Inventory:

Hand Weapons
 a - a +0 falchion (weapon)
Scrolls
 h - a scroll of blinking
Potions
 c - 3 potions of curing
 e - a potion of haste
 f - 2 potions of magic
 g - a potion of berserk rage
Books
 d - a book of Battle

   Spells                             Type                      Level
   a - Infusion                       Charms                       1
   b - Shroud of Golubria             Charms/Translocation         2
   c - Song of Slaying                Charms                       2
   d - Spectral Weapon                Hexes/Charms                 3
   e - Regeneration                   Charms/Necromancy            3
   Trog disapproves of the use of such an item.
Comestibles
 b - 2 bread rations


   Skills:
 + Level 11.7 Fighting
 + Level 10.8 Long Blades
 + Level 10.2 Dodging
 + Level 1.2 Stealth


You had 6 spell levels left.
You knew the following spells:

 Your Spells              Type           Power        Failure   Level  Hunger
a - Infusion              Chrm           #...         43%         1    ##.....


Dungeon Overview and Level Annotations

Branches:
Dungeon (1/1)

Altars:
Cheibriados
Dithmenos
Elyvilon
Fedhas
Gozag
Kikubaaqudgha
Makhleb
Nemelex Xobeh
Okawaru
Pakellas
Qazlal
Ru
Sif Muna
Trog
Vehumet
Xom
Yredelemnul
Zin
The Shining One
Beogh
Jiyva
Lugonu

Shops:
D :[?=[}=!(*:(%!(=

Annotations:
D exclusions: ice statue and oklob plant


Innate Abilities, Weirdness & Mutations

You can breathe blasts of scalding, opaque steam.
Your pale cyan-grey scales are hard (AC +6).
Your body does not fit into most forms of armour.
You are cold-blooded and may be slowed by cold attacks.


Message History

The wasp is severely wounded.
The polar bear barely misses you.
The polar bear claws you but does no damage.
The polar bear completely misses you. The wasp closely misses you.
You closely miss the wasp.
The wasp is severely wounded.
The polar bear bites you.
* * * LOW HITPOINT WARNING * * *
The polar bear claws you.
* * * LOW HITPOINT WARNING * * *
The polar bear misses you.
You are too berserk!
You slash the wasp!
You kill the wasp!
Trog accepts your kill.
You are no longer berserk.
You are exhausted.
You feel yourself slow down. The polar bear closely misses you.
The polar bear claws you.
You die...

.# .### +.### .## ...
...# ..# ##..## #..# #
#'# #.##..# +..# .#
#.##...#..# #..# .# [
.<.')# +..####..##.# $!!
#.##...#....###.c.##▓▓▓▓
#'###.##..§...≈h†h≈≈≈≈≈≈
.#.####≈≈.....≈#@#######
.#..#≈≈≈≈§§≈..≈#..._._._
#†###≈†§§§§≈≈.≈#.._._._.
#'##≈≈≈≈§≈§§§§§#._._._._
≈≈≈≈≈≈≈≈≈§≈≈≈§§#_._._._.
+#+++#≈≈≈≈§≈≈§≈#._._._..
§≈§≈ ##≈§≈###≈≈#_._._...
≈≈§§≈≈##≈≈# #≈≈#._._....
§8§≈§§≈+≈≈# §#.


You could see 2 polar bears and a yaktaur.

Vanquished Creatures
  A siren (D)
  A polar bear (D)
  A vampire mosquito (D)
  2 hippogriffs (D)
  Menkaure (D)
  A wasp (D)
  A crocodile (D)
  4 worker ants (D)
  2 worms (D)
14 creatures vanquished.

Notes
Turn   | Place    | Note
--------------------------------------------------------------
     0 | D        | Kagutsuchi the Draconian Berserker began the quest for the Orb.
     0 | D        | Reached XP level 1. HP: 19/19 MP: 1/1
    15 | D        | Reached ** piety under Trog
    15 | D        | Reached skill level 4 in Fighting
    23 | D        | Noticed a hippogriff
    23 | D        | Noticed a hippogriff
    28 | D        | Killed a hippogriff
    28 | D        | Reached skill level 7 in Fighting
    28 | D        | Reached skill level 5 in Dodging
    28 | D        | Reached XP level 2. HP: 34/34 MP: 2/2
    28 | D        | Reached XP level 3. HP: 39/39 MP: 3/3
    28 | D        | Reached XP level 4. HP: 47/47 MP: 4/4
    32 | D        | Killed a hippogriff
    32 | D        | Reached skill level 8 in Fighting
    32 | D        | Reached XP level 5. HP: 56/56 MP: 5/5
    35 | D        | Noticed a siren
    47 | D        | Killed a siren
    47 | D        | Reached *** piety under Trog
    47 | D        | Reached skill level 10 in Fighting
    47 | D        | Reached XP level 6. HP: 42/66 MP: 6/6
    47 | D        | Your scales start taking on a pale cyan-grey colour.
    47 | D        | Reached XP level 7. HP: 45/72 MP: 7/7
    59 | D        | Found Faemotoh's Weapon Emporium.
    60 | D        | Found Deocwekh's Assorted Antiques.
    60 | D        | Found Xeenis's Antique Weapon Emporium.
    60 | D        | Found Hupn's Antique Armour Shoppe.
    60 | D        | Found Lick's Distillery.
    60 | D        | Found Xosesene's Antique Weapon Shoppe.
    60 | D        | Found Buir's Jewellery Emporium.
    60 | D        | Found Asiapsa's Distillery.
    60 | D        | Found Qego's Jewellery Emporium.
    60 | D        | Found Yserhar's Jewellery Shoppe.
    60 | D        | Found Cuhitz's Book Emporium.
    61 | D        | Found Keschy's Magic Scroll Shoppe.
    61 | D        | Found Xionykk's Antique Armour Emporium.
    61 | D        | Noticed a redback
    62 | D        | Found Amotudis's Food Shoppe.
    62 | D        | Found Cagifad's Gadget Emporium.
    63 | D        | Noticed Menkaure
    63 | D        | Noticed a redback
    63 | D        | Noticed an oklob plant
    64 | D        | Found Ucoxzakk's Book Shoppe.
    71 | D        | Bought a potion of curing for 30 gold pieces
    77 | D        | Bought a potion of curing for 30 gold pieces
    77 | D        | Bought a potion of heal wounds for 50 gold pieces
    77 | D        | Bought a potion of heal wounds for 50 gold pieces
    77 | D        | Bought a potion of curing for 30 gold pieces
    88 | D        | Killed Menkaure
    93 | D        | Bought a meat ration for 60 gold pieces
    93 | D        | Bought a bread ration for 60 gold pieces
   217 | D        | Noticed a vampire mosquito
   229 | D        | Killed a vampire mosquito
   229 | D        | Reached skill level 11 in Fighting
   229 | D        | Reached skill level 10 in Long Blades
   235 | D        | Was placed under penance by Trog
   237 | D        | Learned a level 1 spell: Infusion
   244 | D        | Noticed an ice statue
   264 | D        | Was forgiven by Trog
   281 | D        | Reached **** piety under Trog
   317 | D        | Found a corrupted altar of Lugonu.
   317 | D        | Found a sacrificial altar of Ru.
   321 | D        | Found a roughly hewn altar of Beogh.
   321 | D        | Found a sparkling altar of Nemelex Xobeh.
   322 | D        | Found a radiant altar of Vehumet.
   322 | D        | Found an iron altar of Okawaru.
   322 | D        | Found an ancient bone altar of Kikubaaqudgha.
   323 | D        | Found a bloodstained altar of Trog.
   323 | D        | Found a shimmering altar of Xom.
   323 | D        | Found a white marble altar of Elyvilon.
   324 | D        | Found a deep blue altar of Sif Muna.
   324 | D        | Found a snail-covered altar of Cheibriados.
   324 | D        | Found a glowing silver altar of Zin.
   325 | D        | Found a basalt altar of Yredelemnul.
   325 | D        | Found a blossoming altar of Fedhas.
   325 | D        | Found a shadowy altar of Dithmenos.
   326 | D        | Found a viscous altar of Jiyva.
   326 | D        | Found a stormy altar of Qazlal.
   327 | D        | Found an opulent altar of Gozag.
   327 | D        | Found a burning altar of Makhleb.
   327 | D        | Noticed a polar bear
   328 | D        | Noticed a polar bear
   329 | D        | Noticed a polar bear
   329 | D        | Found an oddly glowing altar of Pakellas.
   329 | D        | Found a glowing golden altar of the Shining One.
   329 | D        | Noticed a yaktaur
   341 | D        | Killed a polar bear
   341 | D        | Reached skill level 10 in Dodging
   341 | D        | Reached skill level 1 in Stealth
   341 | D        | Reached XP level 8. HP: 53/82 MP: 8/8
   345 | D        | HP: 3/123 [polar bear (5)]
   345 | D        | HP: 1/123 [polar bear (2)]
   346 | D        | Slain by a polar bear

Skill      XL: |  1  2  3  4  5  6  7 |
---------------+----------------------+-----
Dodging        | 5 7 8 10 | 10.2
Fighting       | 7 8 10 11 | 11.7
Long Blades    | 6 7 9 10 | 10.8
Stealth        | 1 |  1.2

Action                   |  1- 3 |  4- 6 |  7- 9 || total
-------------------------+-------+-------+-------++-------
Melee: Falchion          |    15 |    15 |    59 ||    89
       Tailslap          |     4 |     4 |     6 ||    14
Invok: Berserk           |     1 |       |     3 ||     4
  Use: Potion            |     1 |       |     3 ||     4
  Eat: Meat ration       |       |       |     1 ||     1
Armor: Skin              |     3 |     1 |    17 ||    21
Dodge: Dodged            |    12 |     4 |    66 ||    82
